 Dungeon Crawl Stone Soup version 0.14-a0-2071-g7172c92 (webtiles) character file.

125 MackTheKnife the Cudgeler (level 3, -1/27 HPs)
             Began as a Demonspawn Gladiator on Jan 23, 2014.
             Slain by Sigmund
             ... wielding a +0,+0 scythe
              (12 damage)
             ... on Level 2 of the Dungeon.
             The game lasted 00:02:38 (1152 turns).

MackTheKnife the Cudgeler (Demonspawn Gladiator)    Turns: 1152, Time: 00:02:38

HP  -1/27        AC  6     Str 15      XL: 3   Next: 19%
MP   3/3         EV 15     Int  9      God:
Gold 89          SH  0     Dex 19      Spells:  0 memorised,  2 levels left

rFire  . . .     SeeInvis .     j - +2,+0 mace
rCold  . . .     Clarity  .     a - +0 ring mail
rNeg   . . .     Conserve .     (no shield)
rPois  .         rCorr    .     c - +0 helmet (curse)
rElec  .         rRot     .     (no cloak)
SustAb . .       Spirit   .     (no gloves)
rMut   .         Warding  .     (no boots)
Saprov + . .     Stasis   .     (no amulet)
MR     .....                    (no ring)
                                (no ring)

@: about to teleport, agile, not resistant to hostile enchantments, fairly
stealthy
A: saprovore 1
a: no special abilities


You were on level 2 of the Dungeon.
You were not hungry.

You visited 1 branch of the dungeon, and saw 2 of its levels.

You collected 89 gold pieces.


Innate Abilities, Weirdness & Mutations

You can tolerate rotten meat.


   Skills:
 - Level 2.0 Fighting
 + Level 3.9 Maces & Flails
 - Level 1.7 Throwing
 - Level 2.6 Dodging


You had 2 spell levels left.
You didn't know any spells.

Inventory:

Hand weapons
 j - a +2,+0 mace (weapon)
Missiles
 d - 3 throwing nets (quivered)
Armour
 a - a +0 ring mail (worn)
 c - a cursed +0 helmet (worn)
Comestibles
 b - a meat ration
 f - 2 bread rations
 o - a choko
Scrolls
 h - a scroll of magic mapping
 q - a scroll of remove curse {unknown}
Jewellery
 g - an uncursed ring of see invisible {unknown}
 m - a +6 ring of evasion {unknown}

▒▒▒ ▒▒▒ ▒▒▒ ▒·▒
▒▒▒▒▒·▒▒▒·▒ ▒·▒
▒·······@·▒ ▒·▒
▒·▒▒··▒▒▒·▒
▒·▒▒▒▒▒▒▒·▒···▒ ▒·▒
▒·············▒ ▒·▒
▒·▒▒▒▒▒▒▒·▒···▒ ▒·▒
▒····▒ ▒·▒···▒ ▒·▒
·)···▒ ▒·▒···▒░▒·▒
▒····▒▒▒▒·▒·····▒·▒
··········▒···· ▒·▒


There were no monsters in sight!


Message History

You hit Sigmund.
Sigmund is moderately wounded.
Your ring mail prevents you from hitting Sigmund.
Sigmund is moderately wounded.
Sigmund casts a spell.
Sigmund flickers and vanishes!
Deactivating autopickup; reactivate with Ctrl-A.
Something hits you!
* * * LOW HITPOINT WARNING * * *
You see here an elven spear.
Drink which item? (? for menu, Esc to quit)
You feel better. Something hits you.
* * * LOW HITPOINT WARNING * * *
Eat which item? (? for menu, Esc to quit)
Okay, then.
Read which item? (? for menu, Esc to quit)
As you read the scroll labeled WOFOGAYP MNU, it crumbles to dust.
Your +0 helmet glows black for a moment.
It was a scroll of curse armour.
Eat which item? (? for menu, Esc to quit)
Okay, then.
Read which item? (? for menu, Esc to quit)
As you read the scroll labeled JOASTR LEVYSK, it crumbles to dust.
Your +1,+0 mace glows green for a moment.
It was a scroll of enchant weapon I.
Read which item? (? for menu, Esc to quit)
As you read the scroll labeled AWKORPH IMETUMN, it crumbles to dust.
You feel strangely unstable.
It was a scroll of teleportation.
Something hits you!
You die...

Action                   || total
-------------------------++-------
Melee: Mace              ||    66
  Use: Scroll            ||     4
       Potion            ||     4

Vault maps used:
D:1:      saegor_arrival_simple_C, serial_glass, glass_columns_b,
          glass_columns_a, feat_on_display, due_unseen_surprise,
          minmay_strange_pillars, grunt_decor_resistance, nrook_uturn,
          lemuel_flame_loot_1
D:2:      first_bread, uniq_sigmund

Notes
Turn   | Place    | Note
--------------------------------------------------------------
     0 | D:1      | MackTheKnife, the Demonspawn Gladiator, began the quest for the Orb.
     0 | D:1      | Reached XP level 1. HP: 16/16 MP: 1/1
   246 | D:1      | Reached skill level 3 in Maces & Flails
   701 | D:2      | Gained mutation: You can tolerate rotten meat. [demonic ancestry]
   701 | D:2      | Reached XP level 2. HP: 20/22 MP: 2/2
   958 | D:2      | Reached XP level 3. HP: 20/27 MP: 3/3
  1131 | D:2      | Noticed Sigmund
  1134 | D:2      | Paralysed by a potion of paralysis for 6 turns
  1152 | D:2      | Slain by Sigmund

Vanquished Creatures
  An adder (D:2)
  A giant mite (D:2)
  A giant gecko (D:2)
  A ball python (D:1)
  A giant cockroach (D:2)
  3 hobgoblins (D:2)
  2 kobolds (D:2)
  3 bats (D:1)
  3 giant newts
  2 goblins (D:2)
18 creatures vanquished.
